 Dungeon Crawl Stone Soup version 0.31-a0-188-g5e087ee2ca (webtiles) character file.

Game seed: 14197321946273131188

25 qw the Shooter (level 2, 0/16 HPs)
             Began as a Deep Elf Hunter on June 23, 2023.
             Slain by a giant cockroach (2 damage)
             ... on level 1 of the Dungeon.
             The game lasted 00:00:12 (364 turns).

qw the Shooter (Deep Elf Hunter)                     Turns: 364, Time: 00:00:12

Health: 0/16       AC:  3    Str:  8    XL:     2   Next: 86%
Magic:  4/4        EV: 12    Int: 13    God:
Gold:   12         SH:  0    Dex: 18    Spells: 1/1 levels left

rFire   . . .        a - +0 shortbow
rCold   . . .        (shield currently unavailable)
rNeg    . . .        c - +0 leather armour
rPois   .            (no helmet)
rElec   .            (no cloak)
rCorr   .            (no gloves)
SInv    .            (no boots)
Will    .....        (no amulet)
Stlth   ++           (no ring)
HPRegen 0.22/turn    (no ring)
MPRegen 0.09/turn

%: no passive effects
@: no status effects
A: no striking features
a: no special abilities


You were on level 1 of the Dungeon.
You visited 1 branch of the dungeon, and saw 1 of its levels.

You collected 12 gold pieces.


   Skills:
 - Level 1.5 Fighting
 + Level 6.5 Ranged Weapons
 - Level 2.4 Dodging
 - Level 1.2 Stealth


You had one spell level left.
You didn't know any spells.
Your spell library was empty.

Inventory:

Hand Weapons
 a - a +0 shortbow (weapon)
Armour
 c - a +0 leather armour (worn)
Scrolls
 b - a scroll of butterflies
 d - a scroll of fear {unknown}
Potions
 e - a potion of experience {unknown}
 f - a potion of heal wounds {unknown}

Dungeon Overview and Level Annotations

Branches:
Dungeon (1/15)

Altars:


Message History

You now have 12 gold pieces (gained 4).
There is an open door here.
As you open the door, it creaks loudly!
An endoplasm comes into view.
There is an open door here.
Enter note:
Enter note:
Enter note: You shoot an arrow.
The arrow barely misses the endoplasm.
The endoplasm quivers.
You shoot an arrow.
The arrow hits the endoplasm but does no damage.
The endoplasm freezes you.
You are frozen.
A giant cockroach comes into view.
You shoot an arrow.
The arrow hits the endoplasm but does no damage.
The endoplasm hits you.
You shoot an arrow. The arrow barely misses the endoplasm.
The arrow hits the giant cockroach.
The giant cockroach is heavily wounded.
The endoplasm freezes you.
You are frozen.
The giant cockroach bites you but does no damage.
You shoot an arrow.
The arrow barely misses the giant cockroach.
The endoplasm freezes you.
You are frozen.
The giant cockroach barely misses you.
You shoot an arrow. The arrow hits the giant cockroach.
The giant cockroach is heavily wounded.
A bat comes into view.
The endoplasm freezes you.
You are frozen.
The giant cockroach waves its antennae.
The giant cockroach completely misses you.
You shoot an arrow.
The arrow hits the giant cockroach but does no damage.
The giant cockroach is heavily wounded.
The endoplasm barely misses you. The giant cockroach bites you.
You die...

### # ..# #. #.### #..
#.#.# #... #####.#.#
.#....##...#.#.#######
....!bJ@...'.........#
...#..B#...#.#######.#
###.###.........#.#
#.###.#.####.##.#
###.#.....# #.##.#
###+##.#...#..####
#....# #......#.###.##
###### .......#.##..#
.).....#.....#


You could see an endoplasm, a giant cockroach and a bat.

Vanquished Creatures
  A dart slug (D:1)
  A ball python (D:1)
  4 bats (D:1)
  An endoplasm (D:1)
  7 goblins (D:1)
  2 kobolds (D:1)
  A frilled lizard (D:1)
  3 rats (D:1)
20 creatures vanquished.

Notes
Turn   | Place    | Note
-------+----------+-------------------------------------------
     0 | D:1      | qw the Deep Elf Hunter began the quest for the Orb.
     0 | D:1      | Reached XP level 1. HP: 12/12 MP: 3/3
     0 | D:1      | 0 ||| qw: Version: 0.3-a-9-g12657ce
     0 | D:1      | 0 ||| qw: Game counter: 4148
     0 | D:1      | 0 ||| qw: Always use a shield: true
     0 | D:1      | 0 ||| qw: God list: Okawaru
     0 | D:1      | 0 ||| qw: Allow faded altars: false
     0 | D:1      | 0 ||| qw: Do Orc after D:15 true
     0 | D:1      | 0 ||| qw: Do second Lair branch before Depths: true
     0 | D:1      | 0 ||| qw: Lair rune preference: random
     0 | D:1      | 0 ||| qw: Plans: Normal
     0 | D:1      | 0 ||| PLANNING D:1-11
    97 | D:1      | Reached XP level 2. HP: 16/16 MP: 4/4
   160 | D:1      | Reached skill level 6 in Ranged Weapons
   363 | D:1      | HP: 2/16 [frozen (5)]
   364 | D:1      | Slain by a giant cockroach

Levels and vault maps discovered:
D:1:      dpeg_arrival_subterranean_lakeside_camping, layout_basic

Skill      XL: |  1  2 |
---------------+-------+-----
Ranged Weapons | 6 |  6.5
Fighting       | |  1.5
Dodging        | |  2.4
Stealth        | |  1.2

Action                     || total
---------------------------++-------
   Fire: Shortbow          ||    59
 Armour: Leather armour    ||     6
  Dodge: Dodged            ||    17

Table legend:
 A = Non-vault XP
 B = Vault XP
 C = Vault XP percentage of total XP
 D = Non-vault monster count
 E = Vault monster count
 F = Vault count percentage of total count
                 A         B        C        D         E       F
            +---------+---------+-------+---------+---------+-------
      Total |      27 |      10 |  27.0 |      14 |       6 |  30.0
            +---------+---------+-------+---------+---------+-------
        D:1 |      27 |      10 |  27.0 |      14 |       6 |  30.0
            +---------+---------+-------+---------+---------+-------
